 Dungeon Sprint DCSS version 0.18.1-50-g88ac8fd (webtiles) character file.

9947 luca467 the Slayer (level 11, -9/157 HPs)
             Began as an Ogre Fighter on Sept 15, 2016.
             Was the Champion of Trog.
             Shot with a bolt by an orc knight (18 damage)
             ... in the Dungeon (Sprint IX: "|||||||||||||||||||||||||||||").
             The game lasted 00:17:14 (2563 turns).

luca467 the Slayer (Ogre Fighter)                   Turns: 2563, Time: 00:17:14

Health: -9/157     AC:  7    Str: 29    XL:     11   Next: 54%
Magic:  3/3        EV: 12    Int:  7    God:    Trog [******]
Gold:   1410       SH:  0    Dex:  9    Spells: 0 memorised, 10 levels left

rFire  + . .     SeeInvis .     F - +4 giant spiked club (antimagic)
rCold  . . .     Gourm    .     v - +2 robe {rF+}
rNeg   . . .     Faith    .     (shield currently unavailable)
rPois  .         Spirit   .     (helmet restricted)
rElec  .         Dismiss  .     p - +1 cloak
rCorr  .         Reflect  .     (gloves unavailable)
SustAt .         Harm     .     (boots unavailable)
MR     +....     NoTele   +     (no amulet)
Stlth  +.........               r - +3 ring of strength
                                q - +2 ring of evasion

@: exhausted, slowed, very slow, somewhat resistant to hostile enchantments,
very unstealthy
A: unfitting armour, tough skin 1
a: Berserk, Trog's Hand, Brothers in Arms, Burn Spellbooks, Renounce Religion


You were in the Dungeon.
You worshipped Trog.
Trog was exalted by your worship.
You were very hungry.

You visited 1 branch You collected 1410 gold pieces.

Inventory:

Hand Weapons
 a - a +0 flail
 o - the +2 morningstar "Transmigrator" {elec, rPois rN+ SInv Stlth-}
   (You found it in the Dungeon)

   Occasionally, upon striking a foe, it will discharge some electrical energy
   and cause terrible harm.
   It protects you from poison.
   It protects you from negative energy.
   It lets you see invisible.
   It makes you less stealthy.
 s - a +0 dire flail of crushing
 t - a +0 giant spiked club
 z - a +0 antimagic quarterstaff
 A - a +6 great mace of protection
 B - a +5 antimagic giant club
 D - a +7 antimagic quarterstaff
 E - a +4 morningstar of draining
 F - a +4 antimagic giant spiked club (weapon)
 G - a +1 flail of protection
 H - a +1 antimagic flail
Missiles
 x - 2 needles of confusion
Armour
 b - a +0 robe
 c - a +0 shield
 p - a +1 cloak (worn)
 v - a +2 robe of fire resistance (worn)
Jewellery
 q - a +2 ring of evasion (left hand)
 r - a +3 ring of strength (right hand)
Wands
 n - a wand of lightning (7/15)
Scrolls
 k - 3 scrolls of blinking
 m - 3 scrolls of remove curse
 y - 2 scrolls of fog
Potions
 d - 2 potions of might
 e - 4 potions of curing
 g - 5 potions of heal wounds
 h - a potion of haste
 i - 4 potions of magic
 j - 2 potions of berserk rage
 l - 2 potions of invisibility
 u - 2 potions of cure mutation
Comestibles
 f - 13 bread rations
 w - 40 fruits
 C - 12 meat rations


   Skills:
 + Level 23.0 Fighting
 + Level 23.0 Maces & Flails
 - Level 2.6 Dodging
 - Level 2.6 Shields


You had 10 spell levels left.
You didn't know any spells.

Dungeon Overview and Level Annotations

Branches:
Dungeon (1/1)

Altars:
Cheibriados
Dithmenos
Elyvilon
Fedhas
Gozag
Kikubaaqudgha
Makhleb
Nemelex Xobeh
Okawaru
Pakellas
Qazlal
Ru
Sif Muna
Trog
Vehumet
Xom
Yredelemnul
Zin
The Shining One
Beogh
Jiyva
Lugonu

Shops:
D =([=


Innate Abilities, Weirdness & Mutations

You are too large for most types of armour.
You have tough skin (AC +1).


Message History

The orc knight shoots a bolt.
The bolt closely misses you.
Items here: $ ( ) [ a bolt; a war axe; a chain mail; 50 gold pieces The orc knight shoots a bolt.
The bolt hits you!
* * * LOW HITPOINT WARNING * * *
Items here: $ ( )) [[ The orc knight shoots a bolt.
The bolt hits you!
* * * LOW HITPOINT WARNING * * *
There is an open door to Orc:2, spattered with blood here.
Things that are here:
a bolt; a scimitar; a chain mail The orc knight shoots a bolt.
The bolt barely misses you.
You see here a bolt.
The orc knight shoots a bolt.
The bolt closely misses you.
There's something blocking the doorway.
Wield which item (- for none, * to show all)? (? for menu, Esc to quit)
You feel less protected.
You feel magic leave you.
F - a +4 antimagic giant spiked club (weapon)
The orc knight shoots a bolt.
The bolt hits you!!
You die...

(.....)÷..[.[)|?.'_______________
▓▓▓▓▓▓▓▓▓▓▓▓▓▓▓▓▓▓▓▓▓▓▓▓▓▓▓▓▓▓▓▓▓
.................................
▓▓▓▓▓▓▓▓▓▓▓▓▓▓▓▓▓▓▓▓▓▓▓▓▓▓▓▓▓▓▓▓▓
..'.(.........÷'.........'.......
▓▓▓▓▓▓▓▓▓▓▓▓▓▓▓▓▓▓▓▓▓▓▓▓▓▓▓▓▓▓▓▓▓
.................................
▓▓▓▓▓▓▓▓▓▓▓▓▓▓▓▓▓▓▓▓▓▓▓▓▓▓▓▓▓▓▓▓▓
o.$∩.∩.oooo))((@.(.)))))))))'...
▓▓▓▓▓▓▓▓▓▓▓▓▓▓▓▓▓▓▓▓▓▓▓▓▓▓▓▓▓▓▓▓


You could see 2 orc knights and an orc warrior.

Vanquished Creatures
  4 orc high priests (D)
  3 orc knights (D)
  2 black mambas (D)
  2 spiny frogs (D)
  A komodo dragon (D)
  A kobold demonologist (D)
  4 polar bears (D)
  A two-headed ogre (D)
  A yak (D)
  2 hippogriffs (D)
  2 water moccasins (D)
  2 sky beasts (D)
  A porcupine (D)
  4 black bears (D)
  14 orc warriors (D)
  4 crocodiles (D)
  A centaur (D)
  2 giant frogs (D)
  A scorpion (D)
  2 orc priests (D)
  A hound (D)
  An iguana (D)
  5 orc wizards (D)
  A worker ant (D)
  A sheep (D)
  A gnoll (D)
  An adder (D)
  A river rat (D)
  A worm (D)
  A giant gecko (D)
  9 orcs (D)
  A hobgoblin (D)
  A kobold (D)
  A bat (D)
  A giant gecko skeleton (D)
  A giant newt (D)
82 creatures vanquished.

Notes
Turn   | Place    | Note
--------------------------------------------------------------
     0 | D        | luca467 the Ogre Fighter began the quest for the Orb.
     0 | D        | Reached XP level 1. HP: 24/24 MP: 1/1
    28 | D        | Reached skill level 5 in Fighting
   209 | D        | Reached skill level 5 in Maces & Flails
   209 | D        | Reached XP level 2. HP: 36/36 MP: 2/2
   227 | D        | Reached XP level 3. HP: 33/45 MP: 3/3
   322 | D        | Found a glowing silver altar of Zin.
   322 | D        | Found a glowing golden altar of the Shining One.
   322 | D        | Found an ancient bone altar of Kikubaaqudgha.
   322 | D        | Found a basalt altar of Yredelemnul.
   322 | D        | Found a shimmering altar of Xom.
   322 | D        | Found a radiant altar of Vehumet.
   323 | D        | Found an iron altar of Okawaru.
   324 | D        | Found a burning altar of Makhleb.
   325 | D        | Found a deep blue altar of Sif Muna.
   326 | D        | Found a bloodstained altar of Trog.
   327 | D        | Found a sparkling altar of Nemelex Xobeh.
   328 | D        | Found a white marble altar of Elyvilon.
   329 | D        | Found a roughly hewn altar of Beogh.
   330 | D        | Found a viscous altar of Jiyva.
   331 | D        | Found a corrupted altar of Lugonu.
   332 | D        | Found a blossoming altar of Fedhas.
   333 | D        | Found a snail-covered altar of Cheibriados.
   334 | D        | Became a worshipper of Trog the Wrathful
   335 | D        | Found a shadowy altar of Dithmenos.
   336 | D        | Found a stormy altar of Qazlal.
   337 | D        | Found an opulent altar of Gozag.
   338 | D        | Found a sacrificial altar of Ru.
   339 | D        | Found an oddly glowing altar of Pakellas.
   356 | D        | Got the +2 morningstar "Transmigrator" {elec, rPois rN+ SInv Stlth-}
   375 | D        | Noticed a two-headed ogre
   375 | D        | Noticed a yak
   375 | D        | Noticed a sky beast
   379 | D        | Killed a sky beast
   379 | D        | Reached XP level 4. HP: 61/61 MP: 4/4
   379 | D        | Reached XP level 5. HP: 68/68 MP: 5/5
   383 | D        | Reached * piety under Trog
   385 | D        | Killed a yak
   385 | D        | Reached XP level 6. HP: 83/83 MP: 6/6
   390 | D        | Killed a two-headed ogre
   390 | D        | Reached XP level 7. HP: 66/93 MP: 7/7
   395 | D        | Reached ** piety under Trog
   505 | D        | Noticed a hippogriff
   505 | D        | Noticed a kobold demonologist
   511 | D        | Reached *** piety under Trog
   516 | D        | Noticed a ynoxinul
   519 | D        | Killed a kobold demonologist
   519 | D        | Reached skill level 15 in Fighting
   519 | D        | Reached skill level 15 in Maces & Flails
   519 | D        | Reached XP level 8. HP: 102/107 MP: 8/8
   523 | D        | Reached **** piety under Trog
   765 | D        | Noticed a spiny frog
   765 | D        | Noticed a black mamba
   776 | D        | Killed a black mamba
   780 | D        | Noticed a black mamba
   783 | D        | Received a gift from Trog
   787 | D        | Reached ***** piety under Trog
   787 | D        | Reached XP level 9. HP: 57/120 MP: 9/9
   800 | D        | Killed a spiny frog
   809 | D        | Killed a black mamba
  1203 | D        | Noticed a spiny frog
  1203 | D        | Noticed a komodo dragon
  1211 | D        | Killed a komodo dragon
  1211 | D        | Received a gift from Trog
  1219 | D        | Killed a spiny frog
  1224 | D        | Reached XP level 10. HP: 35/136 MP: 10/10
  1233 | D        | HP: 2/136 [crocodile (18)]
  1620 | D        | Reached ****** piety under Trog
  1620 | D        | Received a gift from Trog
  1647 | D        | Received a gift from Trog
  2051 | D        | Received a gift from Trog
  2069 | D        | Received a gift from Trog
  2112 | D        | Noticed an orc high priest
  2112 | D        | Noticed an orc high priest
  2124 | D        | Killed an orc high priest
  2125 | D        | Noticed an orc high priest
  2134 | D        | Received a gift from Trog
  2138 | D        | Killed an orc high priest
  2138 | D        | Reached XP level 11. HP: 83/150 MP: 11/11
  2139 | D        | Noticed an orc high priest
  2151 | D        | Killed an orc high priest
  2158 | D        | Killed an orc high priest
  2512 | D        | Found Gubip's Jewellery Boutique.
  2512 | D        | Noticed an orc knight
  2512 | D        | Noticed an orc knight
  2513 | D        | Received a gift from Trog
  2515 | D        | Noticed an orc knight
  2521 | D        | Killed an orc knight
  2522 | D        | Found Oniyxir's Antique Armour Shop.
  2529 | D        | Killed an orc knight
  2534 | D        | Killed an orc knight
  2535 | D        | Found Atadyne's Antique Weapon Boutique.
  2541 | D        | Received a gift from Trog
  2545 | D        | Found Taeli's Jewellery Shop.
  2549 | D        | Noticed an orc knight
  2550 | D        | Noticed an orc knight
  2558 | D        | HP: 7/157 [orc knight/bolt (15)]
  2563 | D        | Shot with a bolt by an orc knight

Skill      XL: |  1  2  3  4  5  6  7  8  9 10 11 |
---------------+----------------------------------+-----
Maces & Flails | 5 9 11 13 15 17 19 21 23 | 23.0
Fighting       | 6 9 11 13 15 17 19 21 23 | 23.0
Dodging        | |  2.6
Shields        | |  2.6

Action                   |  1- 3 |  4- 6 |  7- 9 | 10-12 || total
-------------------------+-------+-------+-------+-------++-------
Melee: Flail             |    51 |       |       |       ||    51
       Morningstar       |     4 |    11 |    92 |    39 ||   146
       Great mace        |       |       |       |    87 ||    87
Invok: Berserk           |       |       |     1 |     3 ||     4
  Use: Scroll            |       |       |     2 |     2 ||     4
       Potion            |       |       |     1 |     2 ||     3
  Eat: Chunk             |       |       |     2 |     6 ||     8
Armor: Robe              |    11 |     1 |    15 |    23 ||    50
Dodge: Dodged            |    21 |     8 |    17 |    37 ||    83
Block: Shield            |    22 |     3 |    24 |    16 ||    65
